 Dungeon Crawl Stone Soup version 0.19-a0-975-gfff5315 (webtiles) character file.

1071 matakusis the Covert (level 8, -3/46 HPs)
             Began as an Octopode Venom Mage on July 13, 2016.
             Was a Follower of Sif Muna.
             Slain by an ice beast (5 damage)
             ... on level 4 of the Dungeon.
             The game lasted 00:23:10 (4090 turns).

matakusis the Covert (Octopode Venom Mage)          Turns: 4090, Time: 00:23:11

Health: -3/46      AC:  3    Str:  8    XL:     8   Next: 28%
Magic:  8/13       EV: 12    Int: 17    God:    Sif Muna [*.....]
Gold:   237        SH:  0    Dex: 14    Spells: 3 memorised, 7 levels left

rFire  + . .     SeeInvis .     j - +0 dagger
rCold  . . .     Gourm    .     (no shield)
rNeg   . . .     Faith    .     q - +2 hat
rPois  .         Spirit   .     (no amulet)
rElec  .         Dismiss  .     e - ring of protection from fire
rCorr  .         Reflect  .     (no ring)
SustAt .         Harm     .     (no ring)
MR     ++...                    (no ring)
Stlth  ++++++....               (no ring)
                                (no ring)
                                (no ring)
                                (no ring)

@: very resistant to hostile enchantments, very stealthy
A: almost no armour, amphibious, 8 rings, constrict 8, camouflage 1, low mp 1,
magic resistance 2, gelatinous body 1
a: Divine Energy, Renounce Religion


You were on level 4 of the Dungeon.
You worshipped Sif Muna.
Sif Muna was aware of your devotion.
You were hungry.

You visited 1 branch of the dungeon, and saw 5 of its levels.

You collected 237 gold pieces.

Inventory:

Hand Weapons
 j - a +0 dagger (weapon)
 k - a +2 mace of crushing
Armour
 q - a +2 hat (worn)
Jewellery
 e - a ring of protection from fire (left tentacle)
Wands
 t - a wand of digging (24/24)
Scrolls
 f - a scroll of enchant weapon
 g - 2 scrolls of teleportation
 l - 2 scrolls of amnesia
 m - 4 scrolls of remove curse
 o - a scroll of enchant armour
 u - a scroll of fog
 v - a scroll of noise {unknown}
 x - a scroll of identify
Potions
 d - a potion of haste
 h - 2 potions of magic
 i - 4 potions of curing
 n - a potion of flight
 r - a potion of lignification {unknown}
 z - a potion of might {unknown}
Books
 a - a Young Poisoner's Handbook

   Spells                             Type                      Level
   a - Sting                          Conjuration/Poison           1
   b - Mephitic Cloud                 Conjuration/Poison/Air       3
   c - Olgreb's Toxic Radiance        Poison                       4
   d - Alistair's Intoxication        Transmutation/Poison         5
   e - Venom Bolt                     Conjuration/Poison           5
Comestibles
 b - 2 bread rations
 c - 4 meat rations
 p - a beef jerky
 s - 6 chunks of flesh
 w - 2 fruits


   Skills:
 - Level 2.0 Dodging
 * Level 10.7 Stealth
 + Level 4.3 Spellcasting
 - Level 0.2 Conjurations
 - Level 6.7 Poison Magic


You had 7 spell levels left.
You knew the following spells:

 Your Spells              Type           Power        Failure   Level  Hunger
a - Sting                 Conj/Pois      ###.         3%          1    None
b - Olgreb's Toxic Radia  Pois           ####....     12%         4    ####...
c - Mephitic Cloud        Conj/Pois/Air  ##......     21%         3    ###....


Dungeon Overview and Level Annotations

Branches:
Dungeon (5/15)
 Temple: D:4-7

Altars:
Gozag
Makhleb
Sif Muna
Yredelemnul


Innate Abilities, Weirdness & Mutations

You cannot wear most types of armour.
You are amphibious.
You can wear up to eight rings at the same time.
You can use your tentacles to constrict eight enemies at once.
Your skin changes colour to match your surroundings (Stealth+).
Your rubbery body absorbs attacks. (AC +1)
Your magical capacity is low. (-10% MP)
You are highly resistant to hostile enchantments. (MR++)


Message History

Unknown command.
Press: ? - help, v - describe, . - travel
Here: an ice beast The floor.
Okay, then.
Okay, then.
You hit the ice beast but do no damage. The ice beast hits you.
The ice beast freezes you!
Some of the chunks of flesh in your inventory have rotted away.
You hit the ice beast but do no damage. The ice beast barely misses you.
You hit the ice beast but do no damage. The ice beast hits you.
The ice beast freezes you.
* * * LOW HITPOINT WARNING * * *
You hit the ice beast but do no damage. The ice beast closely misses you.
You closely miss the ice beast. The ice beast hits you.
* * * LOW HITPOINT WARNING * * *
The ice beast freezes you!
* * * LOW HITPOINT WARNING * * *
You barely miss the ice beast. The ice beast hits you.
You die...

#########
############.......#
#............#####.#
#.....#####..#####.#
#...............##(#
#.....#####..##.##.#
########.Y...#####..##.##.#
#...<.....@#..............#
#.###..###############.####
#.#....# ######### #.#
#.#.##.# #.......# #.#
#......# #.......# #.###
####.#### #.......# #(..#
#.......# #.......# ###.#
#.##.##.# #.......# #..#
#.##.##.# #.......# #.##


You could see an ice beast.

Vanquished Creatures
  The ghost of matakusis the Ducker, an amateur DsGl of Hepliaklqana (D:4)
  Grinder (D:4)
  An ogre (D:5)
  A centaur (D:5)
  A scorpion (D:5)
  A hound (D:5)
  An orc priest (D:3)
  2 iguanas
  Natasha (thrice) (D:2)
  3 worker ants (D:4)
  A hound skeleton (D:5)
  9 adders
  4 gnolls (D:4)
  An ooze (D:3)
  A worm (D:4)
  A dart slug (D:2)
  4 giant geckos
  10 orcs
  3 bats (D:1)
  4 giant cockroaches
  6 hobgoblins
  11 jackals
  2 quokkas (D:4)
  A ball python (D:4)
  A giant newt (D:2)
  4 goblins
  8 kobolds
  11 rats
97 creatures vanquished.

Notes
Turn   | Place    | Note
-------+----------+-------------------------------------------
     0 | D:1      | matakusis the Octopode Venom Mage began the quest for the Orb.
     0 | D:1      | Reached XP level 1. HP: 11/11 MP: 3/3
    72 | D:1      | Reached skill level 5 in Poison Magic
    95 | D:1      | Reached skill level 3 in Stealth
   109 | D:1      | Reached XP level 2. HP: 11/17 MP: 1/5
   696 | D:1      | Reached XP level 3. HP: 20/21 MP: 6/6
   866 | D:2      | Found a burning altar of Makhleb.
   875 | D:2      | Noticed Natasha
   884 | D:2      | Killed Natasha
   884 | D:2      | Reached XP level 4. HP: 5/27 MP: 0/7
  1144 | D:2      | Learned a level 4 spell: Olgreb's Toxic Radiance
  1175 | D:2      | Noticed Natasha
  1180 | D:2      | Killed Natasha
  1180 | D:2      | Reached skill level 4 in Stealth
  1522 | D:2      | Found a deep blue altar of Sif Muna.
  1655 | D:2      | Became a worshipper of Sif Muna the Loreminder
  1686 | D:2      | Noticed Natasha
  1695 | D:2      | Killed Natasha
  1695 | D:2      | Reached XP level 5. HP: 18/31 MP: 0/8
  1775 | D:2      | Found a basalt altar of Yredelemnul.
  2141 | D:2      | Found an opulent altar of Gozag.
  2180 | D:2      | Gained mutation: You are resistant to hostile enchantments. (MR+) [potion of mutation]
  2180 | D:2      | Gained mutation: You are highly resistant to hostile enchantments. (MR++) [potion of mutation]
  2180 | D:2      | Gained mutation: Your magical capacity is low. (-10% MP) [potion of mutation]
  2328 | D:3      | Found a faded altar of an unknown god.
  2379 | D:3      | Reached skill level 5 in Stealth
  2569 | D:3      | Reached skill level 6 in Stealth
  2569 | D:3      | Reached XP level 6. HP: 36/36 MP: 4/9
  3151 | D:4      | Noticed Grinder
  3151 | D:4      | Noticed matakusis's ghost (amateur DsGl)
  3189 | D:4      | Learned a level 3 spell: Mephitic Cloud
  3232 | D:4      | Killed Grinder
  3232 | D:4      | Reached * piety under Sif Muna
  3232 | D:4      | Reached skill level 7 in Stealth
  3232 | D:4      | Reached XP level 7. HP: 19/41 MP: 1/11
  3433 | D:4      | Killed matakusis's ghost
  3433 | D:4      | Reached skill level 8 in Stealth
  3530 | D:4      | Reached skill level 9 in Stealth
  3743 | D:5      | Entered Level 5 of the Dungeon
  3894 | D:5      | Reached skill level 10 in Stealth
  3894 | D:5      | Reached XP level 8. HP: 46/46 MP: 13/13
  4089 | D:4      | HP: 2/46 [ice beast (10)]
  4090 | D:4      | Slain by an ice beast

Vault maps used:
D:1:      eino_arrival_tree_alley
D:2:      grunt_gozag_breadcrumbs, lemuel_coloured_pillars_altar,
          lemuel_crystal_altar, bloody_makhleb, uniq_natasha
D:3:      ecumenical_altar_1
D:4:      uniq_grinder
D:5:      first_bread

Skill      XL: |  1  2  3  4  5  6  7 |
---------------+----------------------+-----
Poison Magic   | 5 6 |  6.7
Stealth        | 3 4 6 7 10 | 10.7
Spellcasting   | 3 4 |  4.3
Dodging        | |  2.0
Conjurations   | |  0.2

Action                   |  1- 3 |  4- 6 |  7- 9 || total
-------------------------+-------+-------+-------++-------
Melee: Unarmed           |    13 |       |       ||    13
       Constrict         |    11 |    17 |     3 ||    31
       Tentacles         |     8 |    13 |     3 ||    24
       Dagger            |    23 |    54 |    48 ||   125
       Mace              |       |     8 |       ||     8
 Cast: Sting             |    34 |    75 |    13 ||   122
       Olgreb's Toxic Ra |       |     3 |     1 ||     4
  Use: Scroll            |       |    10 |     3 ||    13
       Potion            |       |     2 |     1 ||     3
 Stab: Sleeping          |     1 |     5 |    16 ||    22
       Invisible         |       |       |     3 ||     3
  Eat: Chunk             |       |     8 |     3 ||    11
Armor: Skin              |     7 |     7 |     8 ||    22
Dodge: Dodged            |    26 |    33 |    26 ||    85
